 Dungeon Crawl Stone Soup version 0.31-a0-654-gbe3e110b4e (webtiles) character file.

Game seed: 13626088154475070101

3020 bmack86 the Severer (level 9, -9/70 HPs)
             Began as a Minotaur Fighter on Aug 29, 2023.
             Mangled by an orc warlord
             ... wielding a +6 broad axe
              (23 damage)
             ... in a bailey.
             The game lasted 00:11:03 (5556 turns).

bmack86 the Severer (Minotaur Fighter)              Turns: 5556, Time: 00:11:04

Health: -9/70      AC: 13    Str: 24    XL:     9   Next: 55%
Magic:  8/8        EV: 11    Int:  5    God:
Gold:   345        SH:  5    Dex: 11    Spells: 8/8 levels left

rFire   . . .        a - +0 war axe (freeze)
rCold   . . .        c - +0 buckler
rNeg    . . .        m - +0 plate armour
rPois   .            h - +2 hat
rElec   .            (no cloak)
rCorr   .            (no gloves)
SInv    .            (no boots)
Will    .....        (no amulet) Stlth
                     w - +5 ring of evasion
HPRegen 0.31/turn    (no ring)
MPRegen 0.11/turn

%: no passive effects
@: mighty
A: horns 2, retaliatory headbutt
a: no special abilities


You were in a bailey.
You visited 1 branch of the dungeon, and saw 7 of its levels.
You also visited: Bailey.

You collected 427 gold pieces.
You spent 82 gold pieces at shops.

Inventory:

Hand Weapons
 a - a +0 war axe of freezing (weapon)
Missiles
 g - 5 silver javelins
 x - 18 boomerangs
Armour
 b - a +0 scale mail
 c - a +0 buckler (worn)
 h - a +2 hat (worn)
 m - a +0 plate armour (worn)
Jewellery
 k - a ring of ice
 o - a ring of protection from fire
 p - a ring of fire
 u - a ring of magical power
 v - a ring of fire
 w - a +5 ring of evasion (left hand)
Scrolls
 e - a scroll of poison {unknown}
 f - a scroll of noise
 j - 2 scrolls of fear
 l - 3 scrolls of teleportation
 n - a scroll of enchant weapon
 r - a scroll of enchant armour
 t - a scroll of amnesia
 y - 2 scrolls of revelation
 A - a scroll of summoning {unknown}
 C - 2 scrolls of fog {unknown}
 D - a scroll of acquirement {unknown}
Potions
 i - 2 potions of magic
 q - a potion of ambrosia
 s - 3 potions of curing
 z - a potion of haste {unknown}
 B - a potion of cancellation {unknown}


   Skills:
 - Level 3.6 Fighting
 + Level 15.4 Axes
 - Level 3.6 Armour
 - Level 5.0 Shields


You had 8 spell levels left.
You didn't know any spells.
Your spell library contained the following spells:

 Spells                   Type           Power      Damage    Failure   Level
 Apportation              Tloc           0%         N/A       100%        1
 Magic Dart               Conj           0%         1d3       100%        1
 Necrotise                Necr           0%         1d4       100%        1
 Summon Small Mammal      Summ           0%         N/A       100%        1
 Searing Ray              Conj           0%         2d4       100%        2
 Ignite Poison            Fire/Tmut/Pois 0%         N/A       100%        3
 Inner Flame              Hex/Fire       0%         N/A       100%        3
 Portal Projectile        Hex/Tloc       0%         N/A       100%        3
 Tukima's Dance           Hex            0%         N/A       100%        3
 Fulminant Prism          Conj/Hex       0%         3d5       100%        4
 Iskenderun's Mystic Bla  Conj/Tloc      0%         2d3       100%        4
 Sticky Flame             Conj/Fire      0%         2d3       100%        4
 Yara's Violent Unravell  Hex/Tmut       0%         3d3       100%        5
 Enfeeble                 Hex            0%         N/A       100%        7
 Ignition                 Fire           0%         3d3       100%        8


Dungeon Overview and Level Annotations

Branches:
Dungeon (7/15)             Temple (0/1) D:7          Bailey (1/1)

Altars:
Cheibriados
Dithmenos
Vehumet

Shops:
D:7 *?


Innate Abilities, Weirdness & Mutations

You have a pair of horns on your head.
You reflexively headbutt those who attack you in melee.


Message History

You enter the shallow water.
Moving in this stuff is going to be slow.
There is an open door here.
Things that are here:
a +0 battleaxe; a +0 chain mail
There is an open door, spattered with blood here.
You see here a kobold skeleton.
You enter the shallow water.
Moving in this stuff is going to be slow.
There is an open door here.
Things that are here:
a +0 hand axe; a +0 leather armour
There is an open gate here.
There is an empty arch of ancient stone here.
There is an open gate here.
You see here a kobold skeleton.
Things that are here:
a +0 hand axe; a +0 leather armour
There is an open door here.
There is an open door, spattered with blood here.
You see here a kobold skeleton.
Items here: )) [[ ÷.
You feel very mighty all of a sudden.
You open the gate.
You hit the orc warlord but do no damage.
You barely miss the orc warlord.
The orc warlord hits you with a +6 broad axe!!
You hit the orc warlord but do no damage.
The orc warlord hits you with a +6 broad axe!!
You slice the orc warlord!! You freeze the orc warlord.
You headbutt the orc warlord!
The orc warlord is moderately wounded.
The orc warlord hits you with a +6 broad axe!!
* * * LOW HITPOINT WARNING * * *
You barely miss the orc warlord.
The orc warlord is moderately wounded.
You hit the orc warlord but do no damage.
The orc warlord is moderately wounded.
The orc warlord hits you with a +6 broad axe!!
You die...

.....#~~~~~#...8..8..##
.....#~~~~~#).........#
8....'.....÷)....)....#
...#########)....)8...#
.)##~~~#~~~####......##
..#~).....~#~~#.....##
÷.#~?........~#....##
..##8.8...8.8~##...#
...#.........~~o@..#
...#....∩....~~'..÷#
...#.........~~'...#
..##8.8...8.8~##...#
..#~!........~#..).##
..#~%.....~#~~#.....##
..##~~~#~~~####......##
..†#########......8...#
8.)..'.....'..........#


You could see an orc warlord.

Vanquished Creatures
  2 orc knights (Bailey)
  Menkaure (D:4)
  A water moccasin (D:5)
  A sky beast (D:7)
  2 orc warriors (Bailey)
  2 black bears (D:6)
  2 centaurs
  2 phantoms
  5 scorpions
  3 wights (D:6)
  7 hounds
  2 jellies
  An orc priest (D:7)
  Jessica (D:2)
  3 iguanas (D:5)
  2 orc wizards
  6 gnolls
  8 adders
  A white imp (D:7)
  3 ufetubi
  A worm (D:5)
  2 dart slugs (D:1)
  19 orcs
  4 bats
  4 endoplasms
  3 giant cockroaches
  14 goblins
  4 hobgoblins
  6 jackals
  16 kobolds
  4 quokkas
  6 ball pythons
  7 frilled lizards
  3 rats
148 creatures vanquished.

Notes
Turn   | Place    | Note
-------+----------+-------------------------------------------
     0 | D:1      | bmack86 the Minotaur Fighter began the quest for the Orb.
     0 | D:1      | Reached XP level 1. HP: 19/19 MP: 0/0
    69 | D:1      | Reached XP level 2. HP: 24/26 MP: 1/1
   211 | D:1      | You fall into a shaft and drop 1 floor!
   267 | D:2      | Reached skill level 3 in Axes
   538 | D:1      | Found a faded altar of an unknown god.
   569 | D:1      | Reached XP level 3. HP: 31/31 MP: 2/2
   933 | D:2      | Reached skill level 5 in Shields
  1068 | D:2      | Noticed Jessica
  1070 | D:2      | Killed Jessica
  1071 | D:2      | Reached skill level 4 in Axes
  1071 | D:2      | Reached XP level 4. HP: 39/39 MP: 3/3
  1319 | D:3      | Reached skill level 5 in Axes
  1710 | D:3      | Found a shadowy altar of Dithmenos.
  1719 | D:3      | Reached XP level 5. HP: 44/45 MP: 4/4
  1934 | D:3      | Reached skill level 6 in Axes
  2465 | D:4      | Noticed Menkaure
  2468 | D:4      | Killed Menkaure
  2469 | D:4      | Reached skill level 7 in Axes
  2469 | D:4      | Reached XP level 6. HP: 51/51 MP: 5/5
  2593 | D:4      | Reached skill level 8 in Axes
  2976 | D:5      | Entered Level 5 of the Dungeon
  3024 | D:5      | Found a shadowy altar of Dithmenos.
  3029 | D:5      | Reached XP level 7. HP: 57/57 MP: 6/6
  3088 | D:5      | Reached skill level 9 in Axes
  3193 | D:5      | Reached skill level 10 in Axes
  3787 | D:5      | Found a snail-covered altar of Cheibriados.
  4022 | D:6      | Found a radiant altar of Vehumet.
  4101 | D:6      | Reached XP level 8. HP: 64/64 MP: 7/7
  4113 | D:6      | Reached skill level 11 in Axes
  4268 | D:6      | Reached skill level 12 in Axes
  4922 | D:7      | Found Waniekel's Magic Scroll Boutique.
  4927 | D:7      | Bought a scroll of revelation for 82 gold pieces
  4944 | D:7      | Found Zecs's General Store.
  4961 | D:7      | Reached skill level 13 in Axes
  5008 | D:7      | Found a flagged portal.
  5161 | Bailey   | Entered a bailey
  5173 | Bailey   | Noticed an orc warlord
  5246 | Bailey   | Noticed an orc knight
  5258 | Bailey   | Reached XP level 9. HP: 70/70 MP: 8/8
  5263 | Bailey   | Killed an orc knight
  5264 | Bailey   | Reached skill level 14 in Axes
  5268 | Bailey   | Found a runed translucent gate.
  5268 | Bailey   | Found a runed translucent gate.
  5290 | Bailey   | Found a runed translucent gate.
  5363 | Bailey   | Noticed an orc knight
  5379 | Bailey   | Killed an orc knight
  5380 | Bailey   | Reached skill level 15 in Axes
  5556 | Bailey   | Mangled by an orc warlord

Illustrated notes

Levels and vault maps discovered:
D:1:      lightli_arrival_statuegarden, layout_rooms,
          dreamdust_ecumenical_altar_hidden_monk_grotto, hangedman_decor_lopped,
          corexii_leaking_fountain
D:2:      layout_basic, uniq_jessica
D:3:      layout_basic, mainiacjoe_overflow_chevrons, hex_medium
D:4:      layout_basic, uniq_menkaure
D:5:      layout_basic, serial_glass, glass_columns_b, glass_columns_c,
          glass_columns_c, glass_columns_a, glass_columns_c, glass_columns_c,
          hangedman_feature_mirror, kennysheep_generic_room_11
D:6:      layout_gridville, nicolae_vehumet_altar_sigil,
          chequers_serial_rivers_micro_c, nicolae_sextant, minmay_misc_feat_x
D:7:      layout_loops_cross, minmay_temple_entry_trees, serial_shops,
          nicolae_shop_tiny_real_fake_doors, shop, nicolae_shop_tiny_glass,
          enter_bailey_3
Bailey:   bailey_axe_bossmonster_kennysheep, bailey

Skill      XL: |  1  2  3  4  5  6  7  8  9 |
---------------+----------------------------+-----
Shields        | 4 5 |  5.0
Axes           | 3 4 5 7 8 10 13 15 | 15.4
Fighting       | |  3.6
Armour         | |  3.6

Action                     |  1- 3 |  4- 6 |  7- 9 || total
---------------------------+-------+-------+-------++-------
  Melee: War axe           |    55 |   113 |   169 ||   337
         Headbutt          |     6 |    11 |    26 ||    43
    Use: Scroll            |       |     8 |     5 ||    13
         Potion            |       |       |     2 ||     2
 Armour: Scale mail        |    27 |       |       ||    27
         Plate armour      |     9 |    79 |   104 ||   192
  Dodge: Dodged            |    23 |    39 |    68 ||   130
  Block: Buckler           |    16 |    27 |    38 ||    81

Table legend: (Time is in decaauts)
 A = Elapsed time spent in this place.
 B = Non-inter-level travel time spent in this place.
 C = Inter-level travel time spent in this place.
 D = Time resting spent in this place.
 E = Time spent auto-exploring this place.
 F = Levels seen in this place.
 G = Mean time per level.
                   A        B        C        D        E       F      G
               +--------+--------+--------+--------+--------+-----+--------+
         Total |   5599 |   5431 |    168 |    210 |   3786 |   8 |  699.9 |
       Dungeon |   5207 |   5039 |    168 |    210 |   3611 |   7 |  743.9 |
        Bailey |    391 |    391 |      0 |      0 |    175 |   1 |  391.0 |
               +--------+--------+--------+--------+--------+-----+--------+

Top non-repeatable levels by time:
     D:3: 1030 daAuts
     D:5: 1026 daAuts
     D:6: 898 daAuts
     D:2: 798 daAuts
     D:4: 660 daAuts
     D:1: 535 daAuts
  Bailey: 391 daAuts
     D:7: 259 daAuts
